 Dungeon Crawl Stone Soup version 0.26-a0-670-g578ab304f5 (webtiles) character file.

Game seed: 3530153750612410253

7 ANON1729 the Slasher (level 2, -10/21 HPs)
             Began as an Octopode Chaos Knight on Oct 19, 2020.
             Was a Plaything of Xom.
             Mangled by a tarantella (shapeshifter) (14 damage)
             ... on level 1 of the Dungeon.
             The game lasted 00:00:16 (60 turns).

ANON1729 the Slasher (Octopode Chaos Knight)          Turns: 60, Time: 00:00:16

Health: -10/21     AC:  1    Str: 11    XL:     2   Next: 4%
Magic:  2/2        EV: 13    Int: 14    God:    Xom [....*.]
Gold:   0          SH:  0    Dex: 11    Spells: 1/1 levels left

rFire    . . .     SeeInvis .   a - +0 falchion (chaos)
rCold    . . .     Faith    .   (no shield)
rNeg     . . .     Spirit   .   (helmet restricted)
rPois    .         Reflect  .   (no amulet)
rElec    .         Harm     .   (no ring)
rCorr    .         Rampage  .   (no ring)
MR       .....                  (no ring)
Stlth    ++........             (no ring)
HPRegen  0.07/turn              (no ring)
MPRegen  0.08/turn              (no ring)
                                (no ring)
                                (no ring)

@: confused, cleaving
A: almost no armour, stealthy swim, amphibious, 8 rings, constrict 8, camouflage
1, gelatinous body 1
a: Renounce Religion


You were on level 1 of the Dungeon.
You worshipped Xom.
You were a beloved toy of Xom.
You visited 1 branch of the dungeon, and saw 1 of its levels.

Inventory:

Hand Weapons
 a - a +0 falchion of chaos (weapon)


   Skills:
 + Level 3.1 Fighting
 + Level 3.1 Long Blades
 + Level 2.5 Dodging


You had one spell level left.
You didn't know any spells.
Your spell library was empty.

Dungeon Overview and Level Annotations

Branches:
Dungeon (1/15)

Altars:


Innate Abilities, Weirdness & Mutations

You cannot wear most types of armour.
You are very stealthy in the water. (Stealth+)
You are amphibious.
You can wear up to eight rings at the same time.
You can use your tentacles to constrict eight enemies at once.
Your skin changes colour to match your surroundings (Stealth+).
Your rubbery body absorbs attacks. (AC +1, EV +1)


Message History

The jackal barely misses you. The jackal barely misses you.
The tarantella bites you.
* * * LOW HITPOINT WARNING * * *
Xom is amused.
You are confused.
You hit the tarantella.
The tarantella suddenly seems more agile.
Xom thinks this is hilarious!
The tarantella is lightly wounded.
You barely miss the jackal. The jackal barely misses you.
The jackal closely misses you.
You hit the jackal.
You kill the jackal!
You hit the jackal. You burn the jackal.
You kill the jackal!
You have reached level 2!
The tarantella bites you!
Ouch! That really hurt!
You die...
Xom giggles madly!

.!##............#
................#
......†.........#
................#
................#
................#
................#
.....######†s#####.#
..... ##@## #.# ....
#######..## #.# ....
..........# #.#
........>.# #.#
..........# #.#
########'## #.#
#.####.# #.)....#
##..####


You could see a tarantella shaped shifter (agile).

Vanquished Creatures
  A leopard gecko (D:1)
  A goblin (D:1)
  3 jackals (D:1)
5 creatures vanquished.

Notes
Turn   | Place    | Note
-------+----------+-------------------------------------------
     0 | D:1      | ANON1729 the Octopode Chaos Knight began the quest for the
                  | Orb.
     0 | D:1      | Reached XP level 1. HP: 16/16 MP: 1/1
    17 | D:1      | XOM: divination: magic mapping
    53 | D:1      | XOM: cleaving
    53 | D:1      | Noticed a shapeshifter
    53 | D:1      | a jackal changed into a shapeshifter
    54 | D:1      | Noticed a tarantella
    54 | D:1      | a shapeshifter changed into a tarantella
    60 | D:1      | Reached XP level 2. HP: 3/21 MP: 2/2
    60 | D:1      | Mangled by a tarantella (shapeshifter)

Illustrated notes

Levels and vault maps discovered:
D:1:      sevenhm_arrival_forest_fort_large_1, layout_basic

Action                   || total
-------------------------++-------
Melee: Falchion          ||     7
       Constrict         ||     3
       Tentacles         ||     1
 Stab: Sleeping          ||     1
Armor: Skin              ||     3
Dodge: Dodged            ||    16
       Rpst.: Falchion   ||     2

Table legend: (Time is in decaauts)
 A = Elapsed time spent in this place.
 B = Non-inter-level travel time spent in this place.
 C = Inter-level travel time spent in this place.
 D = Time resting spent in this place.
 E = Time spent auto-exploring this place.
 F = Levels seen in this place.
 G = Mean time per level.
                   A        B        C        D        E       F      G
               +--------+--------+--------+--------+--------+-----+--------+
         Total |     60 |     60 |      0 |      0 |     39 |   1 |   60.0 |
       Dungeon |     60 |     60 |      0 |      0 |     39 |   1 |   60.0 |
               +--------+--------+--------+--------+--------+-----+--------+

Top non-repeatable levels by time:
     D:1: 60 daAuts
